 Dungeon Crawl Stone Soup version 0.19.4-8-ga85b6b9 (webtiles) character file.

11 esteth the Ruffian (level 2, 0/25 HPs)
             Began as a Naga Transmuter on Feb 14, 2017.
             Slain by a hobgoblin
             ... wielding a +0 club
              (7 damage)
             ... on level 1 of the Dungeon.
             The game lasted 00:01:06 (866 turns).

esteth the Ruffian (Naga Transmuter)                 Turns: 866, Time: 00:01:06

Health: 0/25       AC:  1    Str: 12    XL:     2   Next: 29%
Magic:  4/5        EV: 10    Int: 13    God:
Gold:   14         SH:  0    Dex: 11    Spells: 1 memorised, 4 levels left

rFire  . . .     SeeInvis +       - Unarmed
rCold  . . .     Gourm    .     b - +0 robe
rNeg   . . .     Faith    .     (no shield)
rPois  +         Spirit   .     (no helmet)
rElec  .         Reflect  .     (no cloak)
rCorr  .         Harm     .     (no gloves)
MR     .....                    (no barding)
Stlth  +.........               (no amulet)
                                (no ring)
                                (no ring)

@: appendage (expiring), very slow
A: horns 2, see invisible, deformed body, poison resistance, slowness 2, slow
metabolism 1, spit poison 1, AC +0
a: Spit Poison, End Transformation


You were on level 1 of the Dungeon.
You were not hungry.
You had grown temporary horns.
You visited 1 branch of the dungeon, and saw 1 of its levels.

You collected 14 gold pieces.

Inventory:

Missiles
 a - 12 arrows
Armour
 b - a +0 robe (worn)
Scrolls
 g - 3 scrolls of blinking {unknown}
 i - a scroll of immolation {unknown}
 j - a scroll of remove curse {unknown}
Potions
 e - a potion of invisibility {unknown}
 f - a potion of heal wounds {unknown}
 k - a potion of resistance {unknown}
Books
 c - a book of Changes

   Spells                             Type                      Level
   a - Beastly Appendage              Transmutation                1
   b - Sticks to Snakes               Transmutation                2
   c - Spider Form                    Transmutation/Poison         3
   d - Ice Form                       Ice/Transmutation            4
   e - Blade Hands                    Transmutation                5
Comestibles
 d - a bread ration
 h - a beef jerky


   Skills:
 - Level 1.0 Fighting
 - Level 1.5 Dodging
 - Level 3.0 Unarmed Combat
 - Level 2.0 Spellcasting
 + Level 2.9 Transmutations


You had 4 spell levels left.
You knew the following spells:

 Your Spells              Type           Power        Failure   Level  Hunger
a - Beastly Appendage     Tmut           #.....       10%         1    ##.....


Dungeon Overview and Level Annotations

Branches:
Dungeon (1/15)

Altars:


Innate Abilities, Weirdness & Mutations

You cannot wear boots.
Your serpentine skin is tough. (AC +0)
You have supernaturally acute eyesight. (SInv)
Armour fits poorly on your strangely shaped body.
Your system is resistant to poisons. (rPois)
You cover ground very slowly.
You have a slow metabolism.
You can spit poison.
You have a pair of horns on your head.


Message History

Casting: Beastly Appendage
Confirm with . or Enter, or press ? or * to list all spells.
You grow a pair of large bovine horns.
The rat bites you.
* * * LOW HITPOINT WARNING * * *
The hobgoblin hits you with a club.
* * * LOW HITPOINT WARNING * * *
The rat bites you but does no damage.
You hit the rat.
The rat is moderately wounded.
You closely miss the rat.
The rat is moderately wounded.
The rat bites you.
* * * LOW HITPOINT WARNING * * *
The hobgoblin hits you with a club.
* * * LOW HITPOINT WARNING * * *
You closely miss the rat. Your headbutt misses the rat.
The rat is moderately wounded.
Your transformation is almost over.
The rat barely misses you. The hobgoblin hits you with a club!
You die...

.... .#.# #.#. #.## ..#
..# #....... ..# # ..#
#...##.# ..# .# ###
#...##.###..#..# ..#
#..............# ###
#......#....#..#
#....#g......... ######
#....@rl........ ....
###..##.........
###..####.#..##.###....#
#.#..#.......##.# #..#
####.#..#............ .#
..##............#.... .
.....##....).......##
..##.###.............
..##............##.###


You could see a hobgoblin, a frilled lizard and a rat.

Vanquished Creatures
  A leopard gecko (D:1)
  A giant cockroach (D:1)
  A goblin (D:1)
  3 hobgoblins (D:1)
  A kobold (D:1)
  A bat (D:1)
  A frilled lizard (D:1)
9 creatures vanquished.

Notes
Turn   | Place    | Note
-------+----------+-------------------------------------------
     0 | D:1      | esteth the Naga Transmuter began the quest for the Orb.
     0 | D:1      | Reached XP level 1. HP: 18/18 MP: 3/3
   468 | D:1      | Reached XP level 2. HP: 25/25 MP: 5/5
   500 | D:1      | HP: 1/25 [hobgoblin (3)]
   866 | D:1      | Slain by a hobgoblin

Action                   || total
-------------------------++-------
Melee: Unarmed           ||    46
       Headbutt          ||     1
 Cast: Beastly Appendage ||     2
Armor: Robe              ||     8
Dodge: Dodged            ||    27
